 Dungeon Crawl Stone Soup version 0.15.0-8-gb109cf8 (webtiles) character file.

2273 Patate the Fighter (level 9, -8/86 HPs)
             Began as a Minotaur Berserker on Aug 30, 2014.
             Was a High Priest of Trog.
             Mangled by an ogre
             ... wielding a +0 giant club
              (19 damage)
             ... on Level 7 of the Dungeon.
             The game lasted 00:36:07 (7645 turns).

Patate the Fighter (Minotaur Berserker)             Turns: 7645, Time: 00:36:08

HP  -8/86        AC 10     Str 26      XL: 9   Next: 16%
MP   4/4         EV  7     Int  4      God: Trog [*****.]
Gold 230         SH  2     Dex  9      Spells:  0 memorised,  8 levels left

rFire  . . .     SeeInvis .     l - +0 war axe
rCold  . . .     Clarity  .     u - +0 chain mail
rNeg   . . .     rCorr    .     e - +0 buckler
rPois  .         rRot     .     (helmet restricted)
rElec  .         Spirit   .     (no cloak)
SustAb .         Warding  .     g - -2 pair of gloves (curse)
rMut   .         Stasis   .     (no boots)
Gourm  .                        (no amulet)
MR     .....                    (no ring)
                                n - ring of stealth

@: lethally poisoned, exhausted, slowed, very slow, not resistant to hostile
enchantments, extremely unstealthy
A: retaliatory headbutt, horns 2
a: Burn Spellbooks, Berserk, Trog's Hand, Brothers in Arms, Renounce Religion


You were on level 7 of the Dungeon.
You worshipped Trog.
Trog was extremely pleased with you.
You were very hungry.

You visited 2 branches of the dungeon, and saw 8 of its levels.

You collected 230 gold pieces.

Inventory:

Hand weapons
 l - a +0 war axe (weapon)
 t - a cursed +1 hand axe of electrocution
Armour
 e - a +0 buckler (worn)
 g - a cursed -2 pair of gloves (worn)
 p - a +0 pair of gloves
 u - a +0 chain mail (worn)
Magical devices
 r - a wand of confusion (10) {unknown}
Comestibles
 b - 3 fruits
 c - 3 bread rations
 d - 6 meat rations
 o - a rotting chunk of jackal flesh
 q - 3 rotting chunks of orc flesh
 v - a royal jelly
Scrolls
 f - 3 scrolls of remove curse {unknown}
 h - 3 scrolls of amnesia {unknown}
 i - 5 scrolls of identify {unknown}
 k - a scroll of recharging {unknown}
 x - 2 scrolls of teleportation {unknown}
Jewellery
 n - a ring of stealth (left hand)
Potions
 j - 4 potions of restore abilities
 m - a potion of curing


   Skills:
 * Level 10.8 Fighting
 + Level 8.1 Axes
 + Level 7.7 Armour
 - Level 2.1 Dodging


You had 8 spell levels left.
You didn't know any spells.

Dungeon Overview and Level Annotations

Branches:
Dungeon (7/15)             Temple (1/1) D:5

Altars:
Ashenzari
Cheibriados
Dithmenos
Elyvilon
Fedhas
Kikubaaqudgha
Makhleb
Okawaru
Qazlal
Sif Muna
Trog
Vehumet
Xom
Yredelemnul
Zin
The Shining One

Shops:
D:4 :


Innate Abilities, Weirdness & Mutations

You reflexively headbutt those who attack you in melee.
You have a pair of horns on your head.


Message History

The killer bee stings you but does no damage.
The killer bee stings you.
You are poisoned.
The killer bee poisons you!
You slice the killer bee!!
You kill the killer bee!
Trog accepts your kill.
You feel sick. The ogre hits you with a giant club!!
* * * LOW HITPOINT WARNING * * *
Use which ability? (? or * to list) You're too exhausted to go berserk.
You feel sick. The ogre barely misses you. You furiously retaliate!
You headbutt the ogre, but do no damage.
Drink which item? (? for menu, Esc to quit)
Okay, then.
Read which item? (? for menu, Esc to quit)
As you read the scroll labeled RUTSYAHYDO, it crumbles to dust.
The scroll dissolves into smoke.
It was a scroll of fog.
The ogre hits you with a giant club!!
You die...

### ## #.# #§#### #.#
#§@§# #.## #O### ##.##
#§# #..# #%## ##.##
#..#### #..###
######.....########...#.
.........................
.......................#
.....>...$............##


You could see an ogre.

Vanquished Creatures
  An orc warrior (D:7)
  2 phantoms
  A sky beast (D:6)
  4 ogres
  2 centaurs
  A big kobold (D:6)
  3 giant frogs
  A scorpion (D:4)
  5 killer bees (D:7)
  A quasit (D:6)
  4 crimson imps
  A goliath beetle (D:6)
  2 jellies
  3 orc priests
  A hound (D:5)
  2 iguanas
  4 worker ants
  A mummy (D:6)
  10 gnolls
  8 adders
  6 worms
  A giant mite (D:2)
  5 giant geckos
  An ooze (D:1)
  11 orcs
  10 bats
  6 giant cockroaches
  10 goblins
  16 hobgoblins
  8 jackals
  A quokka (D:4)
  2 ball pythons
  3 giant newts
  A giant newt skeleton (D:5)
  19 kobolds
  A kobold zombie (D:5)
  2 orc skeletons (D:4)
  A quokka skeleton (D:6)
  A quokka zombie (D:5)
  16 rats
  A rat skeleton (D:4)
  A rat zombie (D:5)
180 creatures vanquished.

Notes
Turn   | Place    | Note
--------------------------------------------------------------
     0 | D:1      | Patate, the Minotaur Berserker, began the quest for the Orb.
     0 | D:1      | Reached XP level 1. HP: 19/19 MP: 1/1
    93 | D:1      | Reached skill level 4 in Fighting
    93 | D:1      | Reached XP level 2. HP: 13/27 MP: 1/1
   343 | D:1      | Acquired Trog's second power
   432 | D:1      | Reached XP level 3. HP: 34/34 MP: 2/2
  1499 | D:3      | Reached XP level 4. HP: 25/41 MP: 2/2
  1641 | D:2      | Reached skill level 5 in Fighting
  2100 | D:4      | Reached XP level 5. HP: 43/49 MP: 2/2
  2240 | D:3      | Noticed a centaur
  2246 | D:3      | Killed a centaur
  2246 | D:3      | Reached skill level 6 in Fighting
  2246 | D:3      | Reached skill level 5 in Axes
  2524 | D:3      | Noticed a moth of wrath
  2526 | D:3      | Found a bloodstained altar of Trog.
  2584 | D:3      | Reached XP level 6. HP: 25/57 MP: 3/3
  2861 | D:5      | Entered Level 5 of the Dungeon
  2900 | D:4      | Found Lipof's Book Boutique.
  3673 | D:4      | Reached skill level 7 in Fighting
  3673 | D:4      | Reached skill level 5 in Armour
  3837 | D:4      | Reached XP level 7. HP: 52/66 MP: 3/3
  3948 | D:5      | Found a burning altar of Makhleb.
  3949 | D:5      | Found a shattered altar of Ashenzari.
  3949 | D:5      | Found a white marble altar of Elyvilon.
  4193 | D:5      | Found a staircase to the Ecumenical Temple.
  4200 | Temple   | Entered the Ecumenical Temple
  4847 | D:5      | Acquired Trog's third power
  4849 | D:5      | Reached skill level 8 in Fighting
  5300 | D:5      | Noticed an angel
  5306 | D:5      | Found a glowing silver altar of Zin.
  5731 | D:6      | Reached XP level 8. HP: 69/77 MP: 3/3
  5786 | D:6      | Reached skill level 9 in Fighting
  6409 | D:6      | Found a blossoming altar of Fedhas.
  6763 | D:6      | Reached skill level 10 in Fighting
  7378 | D:7      | Reached XP level 9. HP: 82/86 MP: 4/4
  7645 | D:7      | Mangled by an ogre

Action                   |  1- 3 |  4- 6 |  7- 9 || total
-------------------------+-------+-------+-------++-------
Melee: Hand axe          |    77 |   136 |   106 ||   319
       War axe           |       |       |   124 ||   124
Invok: Burn Spellbooks   |     1 |       |     3 ||     4
       Berserk           |       |     2 |     2 ||     4
  Use: Potion            |     2 |     3 |     5 ||    10
       Scroll            |       |       |     1 ||     1
  Eat: Chunk             |     2 |     7 |    14 ||    23
       Pizza             |       |     1 |       ||     1
